 Dungeon Crawl Stone Soup version 0.28.0 (webtiles) character file.

Game seed: 13707750416484190911

59 BeingJoeMalik the Cudgeller (level 4, 0/28 HPs)
             Began as a Gargoyle Monk on Feb 6, 2022.
             Slain by an orc (4 damage)
             ... on level 3 of the Dungeon.
             The game lasted 00:03:38 (1080 turns).

BeingJoeMalik the Cudgeller (Gargoyle Monk)         Turns: 1080, Time: 00:03:39

Health: 0/28       AC:  5    Str: 16    XL:     4   Next: 3%
Magic:  4/4        EV: 12    Int: 11    God:
Gold:   47         SH:  0    Dex: 12    Spells: 3/3 levels left

rFire   . . .      SeeInvis .   c - +0 flail
rCold   . . .      Faith    .   (no shield)
rNeg    + . .      Spirit   .   b - +0 robe
rPois   ∞          Reflect  .   (no helmet)
rElec   +          Harm     .   (no cloak)
rCorr   .          Rampage  .   (no gloves)
Will    .....                   (no boots)
Stlth   ++........              (no amulet)
HPRegen 0.09/turn               (no ring)
MPRegen 0.09/turn               (no ring)

@: brilliant
A: sickness immunity, AC +3, negative energy resistance 1, electricity
resistance, torment resistance 1, petrification resistance
a: no special abilities


You were on level 3 of the Dungeon.
You visited 1 branch of the dungeon, and saw 3 of its levels.

You collected 47 gold pieces.

Inventory:

Hand Weapons
 a - a +0 mace
 c - a +0 flail (weapon)
Armour
 b - a +0 robe (worn)
 i - a +0 buckler
Wands
 d - a wand of flame (25)
Scrolls
 f - a scroll of amnesia {unknown}
 g - a scroll of identify {unknown}
Potions
 e - a potion of brilliance
 h - 2 potions of curing {unknown}


   Skills:
 - Level 3.2 Fighting
 + Level 4.8 Maces & Flails
 - Level 2.4 Dodging
 - Level 2.1 Stealth


You had 3 spell levels left.
You didn't know any spells.
Your spell library contained the following spells:

 Spells                   Type           Power      Damage    Failure   Level
 Corpse Rot               Necr/Air       0%         N/A       47%         2
 Poisonous Vapours        Pois/Air       0%         N/A       47%         2


Dungeon Overview and Level Annotations

Branches:
Dungeon (3/15)

Altars:

Shops:
D:2 [


Innate Abilities, Weirdness & Mutations

You are immune to sickness and miasma.
Your stone body is resilient. (AC +3)
You are immune to poison.
You resist negative energy. (rN+)
You are resistant to electric shocks. (rElec)
You are resistant to unholy torment.
You are immune to petrification.


Message History

You kill the orc!
You have reached level 4!
You feel clever. The orc closely misses you.
You see here a +0 club.
You thump the orc!
You kill the orc!
You barely miss the orc priest.
The orc priest calls down the wrath of Beogh upon you.
Beogh smites you!
You hear a shout!
You thump the orc priest!
The orc priest is heavily wounded.
The orc priest closely misses you.
You completely miss the orc priest.
The orc priest is heavily wounded.
The orc priest barely misses you.
The orc priest invokes the aid of Beogh against you.
Pain shoots through your body!
An orc comes into view. It is wielding a +0 mace.
Unknown command.
You closely miss the orc priest.
The orc priest is heavily wounded.
The orc priest hits you but does no damage.
Unknown command.
You barely miss the orc priest.
The orc priest is heavily wounded.
The orc hits you with a +0 mace. The orc priest misses you.
Unknown command.
You hit the orc priest.
The orc priest is severely wounded.
The orc hits you with a +0 mace.
* * * LOW HITPOINT WARNING * * *
The orc priest hits you with a +2 flail of holy wrath.
* * * LOW HITPOINT WARNING * * *
Unknown command.
It was a potion of brilliance.
You feel clever all of a sudden. The orc hits you with a +0 mace.
You die...

#### #.. #.# ..
#####.#####.#####.###.
#....>o@o.........#<. ##
#.....##########..#.#... #.....#
#### #..#.#.##
#..)..###.....##........
#.......................
##########........)..........###.
#................................
#.#...................[......####
#...........................##


You could see an orc priest and an orc.

Vanquished Creatures
  An adder (D:3)
  A gnoll (D:1)
  A worm (D:2)
  A dart slug (D:1)
  2 orcs (D:3)
  3 ball pythons
  4 bats
  An endoplasm (D:3)
  2 giant cockroaches
  6 hobgoblins
  A quokka (D:2)
  3 frilled lizards
  A kobold (D:2)
  7 rats
34 creatures vanquished.

Notes
Turn   | Place    | Note
-------+----------+-------------------------------------------
     0 | D:1      | BeingJoeMalik the Gargoyle Monk began the quest for the
                  | Orb.
     0 | D:1      | Reached XP level 1. HP: 14/14 MP: 1/1
   110 | D:2      | Reached XP level 2. HP: 19/19 MP: 2/2
   158 | D:1      | Reached skill level 4 in Maces & Flails
   465 | D:1      | Reached XP level 3. HP: 23/23 MP: 3/3
   616 | D:2      | Found Odeloj's Armour Boutique.
  1072 | D:3      | Reached XP level 4. HP: 28/28 MP: 4/4
  1080 | D:3      | Slain by an orc

Illustrated notes

Levels and vault maps discovered:
D:1:      minmay_arrival_semitransparent, layout_rooms,
          hellmonk_ecumenical_altar_inner_sanctum,
          amcnicky_mini_corridor_feature
D:2:      layout_loops_cross, serial_shops, nicolae_diamond_shop,
          lightli_corner_chamber
D:3:      layout_basic

Skill      XL: |  1  2 |
---------------+-------+-----
Maces & Flails | 4 |  4.8
Fighting       | |  3.2
Dodging        | |  2.4
Stealth        | |  2.1

Action                   |  1- 3 |  4- 6 || total
-------------------------+-------+-------++-------
Melee: Mace              |    24 |       ||    24
       Flail             |    63 |     7 ||    70
       Punch             |     1 |       ||     1
  Use: Potion            |       |     1 ||     1
 Stab: Sleeping          |     7 |       ||     7
Armor: Robe              |    21 |     1 ||    22
Dodge: Dodged            |    57 |     4 ||    61
